[Event "Titled Tuesday Blitz April 18 Early 2023"]
[White "Zaichenko, Daria"]
[Black "Tarnowska, Aleksandra"]
[WhiteFideId "4197453"]
[BlackFideId "1180967"]
[WhiteElo "2039"]
[BlackElo "1776"]
[Result "1-0"]
[Round "10"]
[TimeControl "180+2"]
[Date "2023.04.18"]
[WhiteClock "0:00:05"]
[BlackClock "0:00:02"]

1. e4 c5 2. Nf3 e6 3. d4 cxd4 4. Nxd4 a6 5. Nc3 Qc7 6. Be3 b5 7. a3 Bb7 8. Bd3 Nf6 9. O-O d5 10. exd5 Nxd5 11. Nxd5 Bxd5 12. f4 Bd6 13. Qg4 g6 14. Nf3 h5 15. Qg3 Nd7 16. Bd4 Bxf4 17. Qf2 Rg8 18. g3 Bd6 19. Ng5 f5 20. b3 e5 21. Bb2 e4 22. Be2 O-O-O 23. Bd4 Bc5 24. b4 Bxd4 25. Qxd4 Qb6 26. c3 Qxd4+ 27. cxd4 Nb6 28. Rac1+ Nc4 29. a4 Kb7 30. axb5 axb5 31. Rfd1 Ra8 32. Nh3 Ra2 33. Kf2 e3+ 34. Ke1 g5 35. Ra1 Rb2 36. Rab1 Rc2 37. Rbc1 Ra2 38. Ra1 Rb2 39. Rab1 Rxb1 40. Rxb1 Bg2 41. Ng1 h4 42. gxh4 gxh4 43. Rc1 Bd5 44. Nh3 Rg2 45. Nf4 Rxh2 46. Nxd5 Rh1+ 47. Bf1 Nd2 48. Ke2 h3 49. Nxe3 Ne4 50. Re1 h2 51. Bg2 Rg1 52. Bf3 1-0


[Site "https://www.chess.com"]

[Event "Titled Tuesday Blitz April 18 Early 2023"]
[White "Smietanska, Wiktoria"]
[Black "Horak, Martin"]
[WhiteFideId "21869359"]
[BlackFideId "367095"]
[WhiteElo "1995"]
[BlackElo "2091"]
[Result "0-1"]
[Round "10"]
[TimeControl "180+2"]
[Date "2023.04.18"]
[WhiteClock "0:00:02"]
[BlackClock "0:00:05"]

1. c4 e5 2. Nc3 Nf6 3. Nf3 Nc6 4. e4 Bc5 5. Nxe5 Nxe5 6. d4 Bb4 7. dxe5 Nxe4 8. Qf3 Nxc3 9. bxc3 Ba5 10. Qg3 Qe7 11. Bd2 d6 12. f4 f6 13. Bd3 dxe5 14. O-O Bd7 15. fxe5 O-O-O 16. exf6 gxf6 17. Rae1 Qc5+ 18. Be3 Qa3 19. Bd4 Bxc3 20. Bxc3 Qxc3 21. Re7 Rhg8 22. Qe3 Rde8 23. Rxe8+ Rxe8 24. Qxa7 c6 25. Bf5 Bxf5 26. Rxf5 Re1+ 27. Kf2 Qd2+ 28. Kg3 Re3+ 29. Rf3 Rxf3+ 30. Kxf3 Qd3+ 31. Kf2 Qc2+ 32. Kg3 Qc3+ 33. Kf2 Qxc4 34. Qa8+ Kc7 35. Qf8 Qd4+ 36. Ke2 Qe5+ 37. Kf3 Qf5+ 38. Ke2 c5 39. Qe7+ Kc6 40. Qe8+ Kb6 41. Qd8+ Kb5 42. Qe8+ Kb4 43. Qd8 Qe5+ 44. Kf2 Qd4+ 45. Qxd4+ cxd4 46. Ke2 Kc3 47. Kd1 b5 48. g3 b4 49. g4 h6 50. h4 d3 51. Kc1 d2+ 52. Kd1 Kd3 53. h5 Kc3 54. g5 fxg5 55. a3 bxa3 56. Ke2 a2 0-1


[Site "https://www.chess.com"]

[Event "Titled Tuesday Blitz April 18 Early 2023"]
[White "Coelho, Ramyres Santana"]
[Black "Belov, Alexei"]
[WhiteFideId "2120690"]
[BlackFideId "4128206"]
[WhiteElo "1888"]
[BlackElo "2465"]
[Result "0-1"]
[Round "10"]
[TimeControl "180+2"]
[Date "2023.04.18"]
[WhiteClock "0:00:30"]
[BlackClock "0:00:14"]

1. e4 e6 2. d4 d5 3. Nc3 Nf6 4. e5 Ne4 5. f4 Qh4+ 6. g3 Nxg3 7. hxg3 Qxh1 8. Nge2 Nc6 9. Be3 Bd7 10. Qd2 f6 11. O-O-O Qh5 12. Bg2 O-O-O 13. a3 Ne7 14. Na2 Nf5 15. Bf2 Qg4 16. Qd3 h5 17. Bf3 Qg6 18. c4 Bc6 19. c5 a6 20. Nac3 Be7 21. b4 fxe5 22. dxe5 d4 23. Bxc6 dxc3 24. Bd7+ Kb8 25. c6 Rxd7 26. cxd7 Rd8 27. Qxc3 Qg4 28. Nd4 Nxd4 29. Qxd4 b6 30. Qc4 Qf3 31. Rd2 Qxa3+ 32. Kd1 Bxb4 33. Ra2 Rxd7+ 34. Ke2 Qc3 35. Qxa6 Rd2+ 36. Rxd2 Qxd2+ 37. Kf1 Qd1+ 38. Kg2 Qd5+ 39. Kf1 Bc5 40. Bxc5 Qxc5 41. Qe2 g6 42. Qd3 b5 43. Qxg6 b4 44. Qxh5 Qc4+ 45. Kf2 b3 46. Qd1 Qc3 47. Qd8+ Kb7 48. Ke2 b2 49. Qd1 Qc4+ 50. Ke1 Qb4+ 51. Ke2 b1=Q 52. Qxb1 Qxb1 53. Kf3 Qd3+ 54. Kg4 Qf5+ 55. Kh4 Kc6 56. g4 Qxf4 57. Kh5 Qxe5+ 58. g5 Kd5 59. Kh6 c5 60. g6 Qh2+ 61. Kg5 Qg3+ 62. Kf6 Qxg6+ 63. Kxg6 c4 64. Kf6 c3 65. Kg5 c2 66. Kf4 c1=Q+ 67. Kf3 Qd2 68. Kg3 Qe1+ 69. Kf3 e5 70. Kg2 e4 71. Kh3 Qg1 72. Kh4 Ke5 73. Kh3 Kf4 74. Kh4 Qg4# 0-1


[Site "https://www.chess.com"]

[Event "Titled Tuesday Blitz April 18 Early 2023"]
[White "Birkisson, Bardur Orn"]
[Black "lluiss"]
[WhiteFideId "2310597"]
[WhiteElo "2062"]
[BlackElo "2280"]
[Result "0-1"]
[Round "10"]
[TimeControl "180+2"]
[Date "2023.04.18"]
[WhiteClock "0:00:16"]
[BlackClock "0:00:06"]

1. c4 Nf6 2. Nc3 d5 3. cxd5 Nxd5 4. g3 e5 5. Bg2 Nb6 6. Nf3 Nc6 7. O-O Be7 8. d3 O-O 9. a3 Be6 10. b4 Nd4 11. Nd2 Nd5 12. Bb2 f6 13. Nce4 a5 14. Nc5 Bxc5 15. bxc5 a4 16. e3 Nc6 17. Rb1 Nde7 18. Qc2 Qd7 19. Ba1 Ra7 20. Rfd1 Rd8 21. Ne4 Bb3 22. Qe2 Bxd1 23. Rxd1 Na5 24. Qh5 Qf5 25. Qe2 Nb3 26. Bc3 Nd5 27. Bb2 Qg6 28. Qc2 Ra6 29. Qc4 Qf7 30. Qc2 Ne7 31. h4 b6 32. cxb6 cxb6 33. Qc7 Rda8 34. d4 Ng6 35. Qc3 Qd7 36. Bf3 Rc8 37. Qe1 Qc7 38. dxe5 Nxe5 39. Bg2 Nc4 40. h5 Nxb2 41. Rd4 Nxd4 42. exd4 Qc1 43. Kf1 Qxe1+ 44. Kxe1 Rc1+ 45. Kd2 Rc8 46. Nd6 Rd8 47. Nf5 Rf8 48. Bd5+ Kh8 49. Kc3 Rd8 50. Be6 Nd1+ 51. Kd2 Nxf2 52. Ke3 Rda8 53. Kxf2 b5 54. d5 b4 55. axb4 a3 56. d6 a2 57. Bxa2 Rxa2+ 58. Kf3 Rd2 59. Ke3 Rxd6 60. Nxd6 Rb8 61. Kf3 Rxb4 62. Nf5 Rb3+ 63. Ne3 Rb7 64. Kf4 Kg8 65. g4 Kf7 66. Nf5 Rb4+ 67. Kf3 Rb3+ 68. Kf4 Rb4+ 69. Kf3 Ra4 70. Ne3 Kg8 71. Nf5 Ra3+ 72. Kf4 Kf7 73. Ne3 Ra4+ 74. Kf3 Ra3 75. Kf4 Rd3 76. Nf5 Rd1 77. Kf3 Rf1+ 78. Ke4 Rg1 79. Kf3 g6 80. hxg6+ hxg6 81. Ng3 Rxg3+ 82. Kxg3 g5 83. Kf3 Ke6 84. Ke4 Ke7 85. Ke3 Kd7 86. Kd3 Kd6 87. Kd4 Ke6 88. Ke4 Kf7 89. Kf3 Kg6 90. Ke4 Kg7 91. Ke3 Kf8 92. Ke4 Ke8 93. Kf5 Kf7 94. Ke4 Ke6 95. Kd4 f5 96. gxf5+ Kxf5 97. Ke3 Kg4 98. Kf2 Kh3 99. Kg1 Kg3 100. Kf1 Kf3 101. Kg1 g4 102. Kf1 g3 103. Kg1 g2 104. Kh2 Kf2 105. Kh3 g1=Q 106. Kh4 Kf3 107. Kh5 Kf4 108. Kh6 Kf5 109. Kh7 Kf6 110. Kh8 Qg7# 0-1


[Site "https://www.chess.com"]

[Event "Titled Tuesday Blitz April 18 Early 2023"]
[White "Gonzalez, Francisco Silva"]
[Black "Thomas, Anysia"]
[WhiteFideId "1512285"]
[BlackFideId "670472"]
[WhiteElo "2074"]
[BlackElo "2091"]
[Result "1/2-1/2"]
[Round "10"]
[TimeControl "180+2"]
[Date "2023.04.18"]
[WhiteClock "0:01:34"]
[BlackClock "0:00:16"]

1. d4 Nf6 2. c4 g6 3. Nc3 d5 4. Bf4 Bg7 5. Nf3 O-O 6. e3 c5 7. dxc5 Qa5 8. Rc1 dxc4 9. Bxc4 Qxc5 10. Bb3 Nc6 11. O-O Qa5 12. Qe2 Bg4 13. h3 e5 14. Bg3 Bh5 15. Qb5 Bxf3 16. gxf3 Qxb5 17. Nxb5 Nh5 18. Nd6 Na5 19. Rc7 Nxb3 20. axb3 Nxg3 21. fxg3 Rad8 22. Nxb7 Rd2 23. Rf2 Rd3 24. Nc5 Rxe3 25. Rxa7 e4 26. b4 exf3 27. Ra3 Bd4 28. Kf1 Rb8 29. Rxf3 Rxf3+ 30. Rxf3 Rxb4 31. Nd3 Rb3 32. Ke2 Bxb2 33. h4 Bg7 34. g4 h5 35. gxh5 gxh5 36. Rf5 Ra3 37. Rxh5 Ra2+ 38. Kf3 Ra3 39. Ke4 Ra4+ 40. Ke3 Ra3 41. Rd5 Ra4 42. h5 Rh4 43. Kf3 Kh7 44. Kg3 Ra4 45. Rd7 Ra3 46. Kg4 Ra4+ 47. Kf5 Ra5+ 48. Kg4 Ra4+ 49. Nf4 Bh6 50. Rxf7+ Kg8 51. Rf6 Bxf4 52. Rxf4 Rxf4+ 53. Kxf4 Kh8 54. Kg3 Kg8 55. Kh2 Kh8 56. Kg2 Kh7 57. Kf3 Kh6 58. Kg4 Kh7 59. Kg5 Kh8 60. Kf6 Kg8 61. Kg6 Kh8 62. Kg5 Kg8 63. Kg4 Kh8 64. Kh3 Kg8 65. Kh2 Kh8 66. Kg2 Kg8 67. Kf3 Kh8 68. Ke3 Kh7 69. Kf4 Kh6 70. Kg4 Kh7 71. Kg5 Kh8 72. Kh6 Kg8 73. Kg6 Kh8 74. h6 Kg8 75. Kg5 Kh8 76. Kh5 Kg8 77. Kh4 Kh7 78. Kg5 Kh8 79. Kf5 Kg8 80. Kf6 Kh8 81. Kg6 Kg8 82. Kf5 Kh8 83. Kg4 Kh7 84. Kh5 Kh8 85. Kg6 1/2-1/2


[Site "https://www.chess.com"]

[Event "Titled Tuesday Blitz April 18 Early 2023"]
[White "Pein, Jonathan"]
[Black "babbilator"]
[WhiteFideId "417092"]
[WhiteElo "2151"]
[BlackElo "2268"]
[Result "1-0"]
[Round "10"]
[TimeControl "180+2"]
[Date "2023.04.18"]
[WhiteClock "0:01:31"]
[BlackClock "0:00:13"]

1. e4 c5 2. Nf3 e6 3. d4 cxd4 4. Nxd4 Nc6 5. Nc3 Qc7 6. Be3 a6 7. f4 Bb4 8. Qf3 Nf6 9. Be2 d5 10. Nxc6 Qxc6 11. exd5 Nxd5 12. Bd4 Nxc3 13. Qxc6+ bxc6 14. bxc3 Bf8 15. Bf3 Bd7 16. Rb1 f6 17. Rb7 Bd6 18. O-O Ke7 19. Rd1 Rhc8 20. c4 Rab8 21. Ra7 Ra8 22. Rxd7+ Kxd7 23. c5 Bc7 24. Bxf6+ Ke8 25. Bxc6+ Kf7 26. Bxa8 gxf6 27. Rd7+ Kg6 28. Be4+ f5 29. Bb7 1-0


[Site "https://www.chess.com"]

[Event "Titled Tuesday Blitz April 18 Early 2023"]
[White "Matveeva, Olga"]
[Black "Antonova, Nadezhda"]
[WhiteFideId "24107018"]
[BlackFideId "14700182"]
[WhiteElo "2056"]
[BlackElo "1765"]
[Result "1-0"]
[Round "10"]
[TimeControl "180+2"]
[Date "2023.04.18"]
[WhiteClock "0:00:24"]
[BlackClock "0:00:02"]

1. d4 Nf6 2. c4 g6 3. g3 Bg7 4. Bg2 O-O 5. Nc3 d6 6. Nf3 Nc6 7. O-O a6 8. Qd3 Nd7 9. e4 e5 10. Be3 exd4 11. Nxd4 Nde5 12. Qe2 Bg4 13. Nf3 Qd7 14. Nd5 Rab8 15. Nxe5 Nxe5 16. f3 Bh3 17. Rad1 Bxg2 18. Kxg2 c6 19. Nb6 Qc7 20. b3 f5 21. exf5 Rxf5 22. Qd2 Rbf8 23. Qxd6 Qxd6 24. Rxd6 Nxf3 25. Rfd1 Ne5 26. Bf4 g5 27. Be3 Ng4 28. Bg1 Nf6 29. Nd7 Nxd7 30. Rxd7 R5f7 31. g4 Rxd7 32. Rxd7 Rf7 33. Rd8+ Rf8 34. Rd7 Rf7 35. Rxf7 Kxf7 36. Kf3 Ke6 37. Ke4 Be5 38. h3 h6 39. Bc5 Bf4 40. Bf8 b5 41. Bxh6 1-0


[Site "https://www.chess.com"]

[Event "Titled Tuesday Blitz April 18 Early 2023"]
[White "Broca Jimenez, Fernando"]
[Black "Alexikov, Alexander"]
[WhiteFideId "5104742"]
[BlackFideId "14103958"]
[WhiteElo "2062"]
[BlackElo "2186"]
[Result "0-1"]
[Round "10"]
[TimeControl "180+2"]
[Date "2023.04.18"]
[WhiteClock "0:00:03"]
[BlackClock "0:00:19"]

1. e4 c5 2. Nf3 d6 3. d4 cxd4 4. Nxd4 Nf6 5. Nc3 a6 6. f3 e6 7. Be3 b5 8. a3 Bb7 9. Qd2 Nbd7 10. g4 h6 11. h4 d5 12. exd5 Nxd5 13. Nxd5 Bxd5 14. Be2 Be7 15. g5 hxg5 16. Nf5 Bf6 17. O-O-O gxh4 18. Nd6+ Kf8 19. Ne4 Be7 20. Bg5 Nf6 21. Qf4 Nxe4 22. Bxe7+ Qxe7 23. fxe4 Bc6 24. Rdg1 Rc8 25. Rg4 h3 26. Rg3 Qh4 27. Qxh4 Rxh4 28. Rgxh3 Rxh3 29. Rxh3 Ke7 30. Bd3 e5 31. Kd2 Bd7 32. Rh2 Be6 33. Ke3 Bc4 34. Bxc4 Rxc4 35. b3 Rc3+ 36. Kd2 Rg3 37. Rf2 f6 38. c3 a5 39. b4 a4 40. Rh2 Rg4 41. Kd3 Rg1 42. Rh8 Rd1+ 43. Kc2 Rd8 44. Rh7 Kf7 45. Rh3 f5 46. exf5 Kf6 47. Rd3 Rxd3 48. Kxd3 Kxf5 49. c4 bxc4+ 50. Kxc4 Ke6 51. Kd3 Kd5 52. Ke3 g5 53. Kf3 e4+ 54. Kg4 e3 55. Kf3 Kd4 56. b5 Kc5 57. Kxe3 Kxb5 58. Kf3 Kc4 59. Ke2 Kb3 0-1


[Site "https://www.chess.com"]

[Event "Titled Tuesday Blitz April 18 Early 2023"]
[White "Manon-og, Ramon Jr."]
[Black "Chirivi C, Jenny Astrid"]
[WhiteFideId "5200776"]
[BlackFideId "4403061"]
[WhiteElo "2385"]
[BlackElo "2001"]
[Result "0-1"]
[Round "10"]
[TimeControl "180+2"]
[Date "2023.04.18"]
[WhiteClock "0:00:08"]
[BlackClock "0:00:15"]

1. e4 c5 2. Nf3 e6 3. g3 d5 4. exd5 exd5 5. d4 Nf6 6. Bg2 Be7 7. O-O O-O 8. c3 c4 9. Bf4 Nc6 10. Nbd2 Bf5 11. Re1 h6 12. Ne5 Bd6 13. Qf3 Bh7 14. h4 Ne4 15. Nxe4 Bxe4 16. Rxe4 dxe4 17. Qxe4 Bxe5 18. dxe5 Qd3 19. Qd5 Rad8 20. Qb5 Qe2 21. Bf1 Qf3 22. Qxb7 Nxe5 23. Qxa7 Nd3 24. Be3 Nxb2 25. Bd4 Nd3 26. Rb1 Ra8 27. Qc7 Rxa2 28. Qxc4 Rxf2 29. Qxd3 Rg2+ 30. Kh1 Rxg3+ 31. Qxf3 Rxf3 32. Bg2 Rf4 33. Rb4 Rxh4+ 34. Kg1 Rf4 35. Rb7 Re8 36. Bd5 Re2 37. c4 Rxd4 38. Bxf7+ Kh7 39. Rb1 Re7 40. Bd5 g6 41. Kg2 h5 42. Kg3 Kh6 43. Rb6 Rd3+ 44. Kf2 h4 45. Kg2 h3+ 46. Kh2 Kh5 0-1


[Site "https://www.chess.com"]

[Event "Titled Tuesday Blitz April 18 Early 2023"]
[White "Sailer, Mike"]
[Black "KorolDimitriy75"]
[WhiteFideId "2012901"]
[WhiteElo "2109"]
[BlackElo "2374"]
[Result "0-1"]
[Round "10"]
[TimeControl "180+2"]
[Date "2023.04.18"]
[WhiteClock "0:00:25"]
[BlackClock "0:00:08"]

1. d4 Nf6 2. Bg5 Ne4 3. Bf4 c5 4. f3 Nf6 5. d5 g6 6. e4 d6 7. c4 Bg7 8. Nc3 O-O 9. Bd3 a6 10. a4 e6 11. Nge2 exd5 12. cxd5 Re8 13. O-O Qc7 14. Qd2 Nbd7 15. Rac1 Ne5 16. h3 Bd7 17. Bh2 Rab8 18. f4 Nxd3 19. Qxd3 c4 20. Qd2 Qc5+ 21. Kh1 Re7 22. e5 Ne8 23. Ne4 Qc8 24. Qd4 b5 25. axb5 axb5 26. Ra1 Bf5 27. N2g3 Qd7 28. Nxf5 Qxf5 29. g4 Qd7 30. Ra7 Rb7 31. Rfa1 Rxa7 32. Rxa7 Qxa7 33. Qxa7 Rxa7 34. exd6 Bxb2 35. f5 Nf6 36. Nc5 Nd7 37. Ne4 b4 38. Nd2 c3 39. Nc4 b3 0-1


[Site "https://www.chess.com"]

[Event "Titled Tuesday Blitz April 18 Early 2023"]
[White "Flis, Pawel"]
[Black "Szente Varga, Fruzsina"]
[WhiteFideId "1112864"]
[BlackFideId "712264"]
[WhiteElo "1822"]
[BlackElo "1994"]
[Result "0-1"]
[Round "10"]
[TimeControl "180+2"]
[Date "2023.04.18"]
[WhiteClock "0:00:13"]
[BlackClock "0:00:47"]

1. e4 Nf6 2. e5 Nd5 3. d4 d6 4. c4 Nb6 5. exd6 exd6 6. Nc3 Be7 7. Be3 O-O 8. Bd3 Nc6 9. Nge2 Bg4 10. O-O Bf6 11. Qd2 Re8 12. b3 d5 13. c5 Nc8 14. a3 a5 15. Rab1 N8e7 16. b4 axb4 17. axb4 Nf5 18. b5 Ncxd4 19. Nxd4 Nxd4 20. Bxd4 Bxd4 21. Bxh7+ Kxh7 22. Qxd4 Be6 23. Rbd1 c6 24. Rd3 Bf5 25. Rg3 Bg6 26. Rh3+ Kg8 27. Rd1 Ra5 28. bxc6 bxc6 29. Qb4 Qa8 30. Qh4 Kf8 31. Qh8+ Ke7 32. Qxg7 Kd7 33. Re3 Ra1 34. Rxe8 Rxd1+ 35. Nxd1 Qxe8 36. Qd4 Qe1# 0-1


[Site "https://www.chess.com"]

[Event "Titled Tuesday Blitz April 18 Early 2023"]
[White "Fuzesabonyilaci"]
[Black "Sandholm, Klas"]
[BlackFideId "510203"]
[WhiteElo "2330"]
[BlackElo "2141"]
[Result "1-0"]
[Round "10"]
[TimeControl "180+2"]
[Date "2023.04.18"]
[WhiteClock "0:00:17"]
[BlackClock "0:00:01"]

1. e4 e5 2. Nf3 d5 3. exd5 e4 4. Qe2 f5 5. d3 Nf6 6. Nc3 Bb4 7. Bd2 O-O 8. dxe4 fxe4 9. Nxe4 Nxe4 10. Bxb4 Re8 11. O-O-O Ng3 12. hxg3 Rxe2 13. Bxe2 Bf5 14. d6 Nc6 15. Bc4+ Kh8 16. dxc7 Qxc7 17. Bc3 a6 18. Ng5 Na5 19. Nf7+ Kg8 20. Nh6+ Kh8 21. Nxf5 Nxc4 22. Nxg7 Kg8 23. Ne6 Qc6 24. Nf4 Rc8 25. Nd5 Re8 26. Nf6+ Kf8 27. Rxh7 Qxg2 28. Nd7+ Kg8 29. Rg7+ Kh8 30. Re7+ Kg8 31. Nf6+ Kf8 32. Rxe8+ Kf7 33. Ree1 b5 34. Ne4 a5 35. Nd6+ Nxd6 36. Rxd6 Qxf2 37. Rdd1 b4 38. Rf1 1-0


[Site "https://www.chess.com"]

[Event "Titled Tuesday Blitz April 18 Early 2023"]
[White "Kriti Mayur Patel"]
[Black "chessjazda"]
[WhiteFideId "35061780"]
[WhiteElo "1306"]
[BlackElo "2322"]
[Result "0-1"]
[Round "10"]
[TimeControl "180+2"]
[Date "2023.04.18"]
[WhiteClock "0:01:37"]
[BlackClock "0:01:30"]

1. e4 e6 2. d4 d5 3. Nc3 dxe4 4. Nxe4 Bd7 5. Nf3 Bc6 6. Bd3 Nd7 7. c3 Ngf6 8. Nxf6+ Nxf6 9. O-O Bd6 10. Re1 O-O 11. Bg5 h6 12. Bh4 Be7 13. Ne5 Qd5 14. Nf3 Qh5 15. Bg3 Bxf3 16. Qxf3 Qxf3 17. gxf3 Bd6 18. Bc2 Rad8 19. Be5 Nd7 20. f4 Rfe8 21. Re3 Nf8 22. Rg3 g6 23. Bf6 Be7 24. Be5 Rd7 25. h4 f6 26. Bxg6 Nxg6 27. Rxg6+ Kf7 28. h5 fxe5 29. fxe5 Rg8 30. Kh2 Rxg6 31. hxg6+ Kxg6 32. Rg1+ Kh7 33. f4 Bd8 34. Kh3 Rf7 35. Kg4 Rg7+ 36. Kh5 Rxg1 37. f5 exf5 38. e6 Rg5+ 39. Kh4 Rg4+ 40. Kh5 Rh4# 0-1


[Site "https://www.chess.com"]

[Event "Titled Tuesday Blitz April 18 Early 2023"]
[White "guillan"]
[Black "Ciorgovean, Iustin"]
[BlackFideId "1242911"]
[WhiteElo "2059"]
[BlackElo "2186"]
[Result "1-0"]
[Round "10"]
[TimeControl "180+2"]
[Date "2023.04.18"]
[WhiteClock "0:00:05"]
[BlackClock "0:00:40"]

1. d4 Nf6 2. c4 c6 3. Nf3 d5 4. cxd5 cxd5 5. Nc3 Nc6 6. Bg5 Ne4 7. Bd2 Nxd2 8. Qxd2 e6 9. e3 Bd7 10. Bd3 g6 11. O-O Bg7 12. Rfc1 O-O 13. Rab1 Qe7 14. a3 Rfc8 15. b4 Be8 16. h3 Qd8 17. Bb5 a6 18. Bd3 e5 19. dxe5 Nxe5 20. Nxe5 Bxe5 21. Ne2 Qf6 22. Bc2 Bb5 23. Nd4 Bc4 24. Nf3 Bc7 25. Bd3 b5 26. Bxc4 dxc4 27. Qd4 Qe7 28. Rd1 Rd8 29. Qc3 Rxd1+ 30. Rxd1 Rd8 31. Qc2 Bb6 32. Rxd8+ Qxd8 33. Kf1 Qd5 34. Ke2 f5 35. Nd2 Qxg2 36. Nxc4 bxc4 37. Qxc4+ Kg7 38. Qxa6 Qc6 39. b5 Qc2+ 40. Kf3 Qe4+ 41. Ke2 Qe6 42. a4 Qc4+ 43. Kf3 Qd5+ 44. Ke2 f4 45. Qxb6 f3+ 46. Ke1 Qa2 47. Qd4+ Kh6 48. Qf4+ Kg7 49. Qxf3 Qb1+ 50. Qd1 Qb4+ 51. Ke2 Qc4+ 52. Qd3 Qa2+ 53. Kf3 Qxa4 54. Qd4+ Qxd4 55. exd4 1-0


[Site "https://www.chess.com"]

[Event "Titled Tuesday Blitz April 18 Early 2023"]
[White "Ramirez Vido, Robert Yorisan"]
[Black "dDobravcan"]
[WhiteFideId "3513823"]
[WhiteElo "2412"]
[BlackElo "2166"]
[Result "0-1"]
[Round "10"]
[TimeControl "180+2"]
[Date "2023.04.18"]
[WhiteClock "0:00:01"]
[BlackClock "0:00:29"]

1. f4 e5 2. fxe5 d6 3. exd6 Bxd6 4. Nf3 g5 5. g3 g4 6. Nh4 Ne7 7. d4 Ng6 8. Nxg6 hxg6 9. Qd3 Bf5 10. e4 Be6 11. Bg2 Nc6 12. c3 Qe7 13. Qe2 Na5 14. e5 Bc4 15. Qe3 O-O-O 16. exd6 Qxd6 17. Nd2 Rde8 18. Ne4 Qb6 19. b3 Ba6 20. Bb2 Nxb3 21. axb3 Qxb3 22. Rb1 Qc2 23. Qc1 Qe2# 0-1


[Site "https://www.chess.com"]

[Event "Titled Tuesday Blitz April 18 Early 2023"]
[White "Kiseljova, Marya"]
[Black "Liu, Casper"]
[WhiteFideId "4155009"]
[BlackFideId "1454153"]
[WhiteElo "1851"]
[BlackElo "2221"]
[Result "1-0"]
[Round "10"]
[TimeControl "180+2"]
[Date "2023.04.18"]
[WhiteClock "0:00:55"]
[BlackClock "0:00:06"]

1. d4 d5 2. c4 e5 3. dxe5 d4 4. Nf3 Nc6 5. Nbd2 g5 6. Nb3 Bb4+ 7. Bd2 Be7 8. g3 g4 9. Ng1 Nxe5 10. Bf4 Bb4+ 11. Nd2 Qe7 12. Bxe5 Bxd2+ 13. Qxd2 Qxe5 14. Rd1 c5 15. Bg2 Nf6 16. Qf4 Qxf4 17. gxf4 O-O 18. e3 Re8 19. Kd2 Bf5 20. exd4 cxd4 21. Ne2 Be4 22. Rhg1 Rad8 23. f3 gxf3 24. Bxf3+ Kh8 25. Bg2 Bf5 26. Ng3 Bg4 27. Rde1 d3 28. Rxe8+ Nxe8 29. h3 Be6 30. b3 a5 31. Be4 a4 32. Bxd3 axb3 33. axb3 b5 34. Kc3 bxc4 35. Bxc4 Nd6 36. Bxe6 fxe6 37. b4 Rg8 38. Ne2 Ne4+ 39. Kd4 Rxg1 40. Nxg1 Nf2 41. h4 Ng4 42. Nf3 Kg7 43. b5 Nf6 44. b6 Kf7 45. b7 Nd7 46. Ne5+ Ke7 47. Nxd7 Kxd7 48. b8=Q 1-0


[Site "https://www.chess.com"]

[Event "Titled Tuesday Blitz April 18 Early 2023"]
[White "Necula, Iulian"]
[Black "Yanayt, Eugene"]
[WhiteFideId "1232380"]
[BlackFideId "2020165"]
[WhiteElo "1790"]
[BlackElo "2083"]
[Result "0-1"]
[Round "10"]
[TimeControl "180+2"]
[Date "2023.04.18"]
[WhiteClock "0:00:22"]
[BlackClock "0:01:06"]

1. d4 Nf6 2. Nc3 d5 3. Bf4 c5 4. e4 dxe4 5. d5 Nbd7 6. Bb5 a6 7. Bxd7+ Qxd7 8. Nge2 b5 9. Bg5 Qf5 10. Bxf6 gxf6 11. Ng3 Qe5 12. O-O f5 13. f4 Qd6 14. Qh5 Qf6 15. a3 Bb7 16. Rad1 O-O-O 17. b4 c4 18. Nge2 Bg7 19. Nd4 Qxd4+ 20. Rxd4 Bxd4+ 21. Kh1 Bxc3 22. Qxf5+ Rd7 23. Qxe4 Bxd5 24. Qe3 Bd4 25. Qh3 Rg8 26. Rf3 f5 27. Qxh7 e5 28. Qxf5 Bxf3 29. Qe6 Bxg2# 0-1


[Site "https://www.chess.com"]

[Event "Titled Tuesday Blitz April 18 Early 2023"]
[White "Szyszylo, Rafal"]
[Black "Mihajlovskij"]
[WhiteFideId "1109626"]
[WhiteElo "1951"]
[BlackElo "2099"]
[Result "1-0"]
[Round "10"]
[TimeControl "180+2"]
[Date "2023.04.18"]
[WhiteClock "0:02:19"]
[BlackClock "0:02:02"]

1. e4 d5 2. exd5 Qxd5 3. Nf3 Bg4 4. Be2 Nf6 5. d4 Nc6 6. c4 Qh5 7. Be3 e6 8. O-O Bd6 9. h3 Bxh3 10. Ne5 Bg4 11. Bxg4 Nxg4 12. Qxg4 1-0


[Site "https://www.chess.com"]

[Event "Titled Tuesday Blitz April 18 Early 2023"]
[White "Steenbekkers, Franck"]
[Black "Barwinska, Ewa"]
[WhiteFideId "1004220"]
[BlackFideId "21833761"]
[WhiteElo "2102"]
[BlackElo "1908"]
[Result "1-0"]
[Round "10"]
[TimeControl "180+2"]
[Date "2023.04.18"]
[WhiteClock "0:00:24"]
[BlackClock "0:00:01"]

1. e4 c5 2. Nf3 d6 3. d4 cxd4 4. Nxd4 Nf6 5. Nc3 a6 6. f4 e5 7. Nf3 Qc7 8. Bd3 Nc6 9. O-O Be7 10. f5 b5 11. a3 Bb7 12. Bg5 Na5 13. Kh1 h6 14. Bh4 Nc4 15. Qc1 Ng4 16. Bxe7 Kxe7 17. h3 Nf6 18. a4 Nh5 19. Kh2 b4 20. Ne2 Rhd8 21. c3 b3 22. Nh4 Qc5 23. f6+ Nxf6 24. Nf5+ Kf8 25. Nxh6 Qe3 26. Bxc4 Qxe4 27. Rf2 Qxc4 28. Nf5 Ne4 29. Qf1 Nxf2 30. Qxf2 Qe4 31. Rf1 f6 32. Neg3 Qc2 33. Ne2 Be4 34. Nxg7 Kxg7 35. Qxf6+ Kg8 36. Qg5+ Kh8 37. Rf7 Rg8 38. Qf6+ Rg7 39. Qxg7# 1-0


[Site "https://www.chess.com"]

[Event "Titled Tuesday Blitz April 18 Early 2023"]
[White "Vargas, Mauricio"]
[Black "Kuchava, Ana"]
[WhiteFideId "4404572"]
[BlackFideId "13605348"]
[WhiteElo "1998"]
[BlackElo "2001"]
[Result "0-1"]
[Round "10"]
[TimeControl "180+2"]
[Date "2023.04.18"]
[WhiteClock "0:00:01"]
[BlackClock "0:00:12"]

1. e4 c5 2. Nc3 Nc6 3. f4 e6 4. Nf3 d5 5. d3 Nf6 6. e5 Ng8 7. g3 Nge7 8. Bg2 Nf5 9. O-O h5 10. Ne2 Be7 11. c3 a6 12. Qe1 b5 13. Bd2 Bb7 14. a4 Rb8 15. axb5 axb5 16. Kh1 Qb6 17. h3 c4 18. d4 b4 19. Qf2 Na5 20. cxb4 Bxb4 21. Bc3 Nb3 22. Ra4 Be7 23. Nc1 Bc6 24. Ra2 O-O 25. Nxb3 cxb3 26. Raa1 Ra8 27. Nd2 Bb5 28. Rfc1 Bd3 29. Kg1 Bc2 30. Nf3 Bb4 31. Qd2 Bxc3 32. Qxc3 Rfc8 33. Qd2 Nxg3 34. Kf2 Ne4+ 35. Ke3 Nxd2 36. Kxd2 Qb4+ 37. Ke3 Rxa1 38. Rxa1 Qb7 39. Ng5 Ra8 40. Rc1 Ra2 0-1


[Site "https://www.chess.com"]

[Event "Titled Tuesday Blitz April 18 Early 2023"]
[White "Santos Flores, Alberto"]
[Black "Torres Dominguez, David"]
[WhiteFideId "3601234"]
[BlackFideId "2220857"]
[WhiteElo "2235"]
[BlackElo "1999"]
[Result "1/2-1/2"]
[Round "10"]
[TimeControl "180+2"]
[Date "2023.04.18"]
[WhiteClock "0:00:46"]
[BlackClock "0:00:05"]

1. e4 Nc6 2. Nf3 e5 3. Bc4 Bc5 4. c3 Nf6 5. d3 d6 6. Bb3 a6 7. O-O Ba7 8. Nbd2 h6 9. Re1 g5 10. Nf1 g4 11. N3d2 h5 12. Nc4 h4 13. Be3 Nh5 14. Bxa7 Rxa7 15. Nce3 Qg5 16. g3 Ra8 17. Nd5 Kd8 18. Qd2 Qg6 19. Nfe3 Be6 20. Rad1 hxg3 21. fxg3 Ne7 22. Nxe7 Kxe7 23. Nd5+ Bxd5 24. Bxd5 c6 25. Bb3 f6 26. Rf1 Rh6 27. Qg2 Rah8 28. Rd2 Qg5 29. Rdf2 Ng7 30. Bd1 Qe3 31. Bxg4 Rxh2 32. Qxh2 Rxh2 33. Kxh2 Ne8 34. Rf3 Qh6+ 35. Kg2 Qg5 36. Bh3 Qd2+ 37. R1f2 Qc1 38. Bg4 Qg5 39. Bc8 b6 40. Bxa6 Kd7 41. Bc4 Ke7 42. a4 Qc1 43. Bg8 Qa1 44. Bh7 Kf7 45. Bf5 Ke7 46. Bg6 Qxa4 47. Bxe8 Kxe8 48. Rxf6 c5 49. Rxd6 Qb3 50. Rd5 c4 51. Rxe5+ Kd7 52. d4 Qd1 53. Ref5 Qc1 54. e5 Qe1 55. d5 Qe4+ 56. Kh2 Qxd5 57. Rf7+ Kc6 58. R7f6+ Kb5 59. e6 Qh5+ 60. Kg2 Qd5+ 61. R2f3 Qd2+ 62. Kh3 Ka4 63. Rf7 b5 64. e7 Qh6+ 65. Kg2 Qd2+ 66. Rf2 Qd5+ 67. R2f3 Qd2+ 68. Kh3 Qh6+ 69. Kg4 Qg6+ 70. Kh3 Qh6+ 1/2-1/2


[Site "https://www.chess.com"]